 Dungeon Crawl Stone Soup version 0.31-a0-217-g58bb5d79cf (webtiles) character file.

Game seed: 10681576740393711606

18 qw the Shooter (level 2, -1/16 HPs)
             Began as a Gargoyle Hexslinger on July 3, 2023.
             Slain by a goblin
             ... wielding a +0 dagger
              (2 damage)
             ... on level 1 of the Dungeon.
             The game lasted 00:00:07 (117 turns).

qw the Shooter (Gargoyle Hexslinger)                 Turns: 117, Time: 00:00:08

Health: -1/16      AC:  4    Str: 11    XL:     2   Next: 70%
Magic:  3/3        EV: 12    Int: 13    God:
Gold:   23         SH:  0    Dex: 12    Spells: 2/3 levels left

rFire   . . .        a - +1 sling
rCold   . . .        (no shield)
rNeg    + . .        c - +0 robe
rPois   inf          (no helmet)
rElec   +            (no cloak)
rCorr   .            (no gloves)
SInv    .            (no boots)
Will    .....        (no amulet)
Stlth   +            (no ring)
HPRegen 0.22/turn    (no ring)
MPRegen 0.08/turn

%: no passive effects
@: no status effects
A: sickness immunity, AC +2, negative energy resistance 1, electricity
resistance, torment resistance 1, petrification resistance
a: no special abilities


You were on level 1 of the Dungeon.
You visited 1 branch of the dungeon, and saw 1 of its levels.

You collected 23 gold pieces.


Innate Abilities, Weirdness & Mutations

You are immune to sickness and miasma.
Your stone body is resilient. (AC +2)
You are immune to poison.
You resist negative energy. (rN+)
You are resistant to electric shocks. (rElec)
You are resistant to unholy torment.
You are immune to petrification.


   Skills:
 + Level 1.3 Fighting
 - Level 3.1 Ranged Weapons
 - Level 1.5 Dodging
 - Level 1.0 Spellcasting
 - Level 2.6 Hexes


You had 2 spell levels left.
You knew the following spells:

 Your Spells              Type           Power      Damage    Failure   Level
a - Slow                  Hex            28%        N/A       10%         1

Your spell library contained the following spells:

 Spells                   Type           Power      Damage    Failure   Level
 Inner Flame              Hex/Fire       4%         N/A       43%         3
 Portal Projectile        Hex/Tloc       8%         N/A       43%         3
 Cause Fear               Hex            3%         N/A       67%         4

Inventory:

Hand Weapons
 a - a +1 sling (weapon)
Armour
 c - a +0 robe (worn)
 d - a scarf of resistance
 e - a +0 pair of gloves
Scrolls
 b - a scroll of poison
 g - a scroll of teleportation {unknown}
Potions
 f - a potion of might {unknown}

Dungeon Overview and Level Annotations

Branches:
Dungeon (1/15)

Altars:

Shops:
D:1 (


Message History

The goblin shouts!
The sling bullet hits the jackal.
The jackal is lightly wounded.
The jackal barely misses you.
A kobold comes into view. It is wielding a +0 club.
You shoot a sling bullet. The jackal barks!
The sling bullet hits the jackal!
You kill the jackal!
The jackal bites you. The jackal barely misses you.
Your Ranged Weapons skill increases to level 3!
You shoot a sling bullet. The sling bullet hits the jackal.
You kill the jackal!
The jackal bites you. The ball python completely misses you.
The ball python grabs you. The ball python constricts you.
The jackal closely misses you.
You shoot a sling bullet. The sling bullet hits the ball python!
You kill the ball python!
The jackal bites you but does no damage.
The rat bites you.
You shoot a sling bullet. The sling bullet hits the jackal.
The jackal is almost dead.
The jackal bites you. x2; The jackal barely misses you.
The rat closely misses you.
You shoot a sling bullet. The sling bullet hits the jackal.
You kill the jackal!
The jackal bites you but does no damage.
The goblin hits you with a +0 dagger. The rat closely misses you.
The goblin hits you with a +0 dagger. The jackal barely misses you.
You shoot a sling bullet. The sling bullet hits the jackal.
You kill the jackal!
The goblin closely misses you. The goblin barely misses you. x2
The rat misses you. The rat barely misses you. The goblin closely misses you.
The kobold hits you with a +0 club. The goblin barely misses you.
The goblin closely misses you.
You shoot a sling bullet.
The sling bullet closely misses the kobold.
The goblin hits you but does no damage. The rat barely misses you.
The goblin hits you with a +0 dagger.
You die...

..........
##........#
##..........
...\)......
#..........
#..........
#.rgK......
#g@g...[..
###.####....
#..)..# .
#...#.#...#
#..###.###..#
#.. #.# ..#
.. ##.## .! .
##...## .
##.....##


You could see 3 goblins, a kobold and a rat.

Vanquished Creatures
  2 ball pythons (D:1)
  An endoplasm (D:1)
  A giant cockroach (D:1)
  2 goblins (D:1)
  4 jackals (D:1)
  A quokka (D:1)
  2 kobolds (D:1)
  2 rats (D:1)
15 creatures vanquished.

Notes
Turn   | Place    | Note
-------+----------+-------------------------------------------
     0 | D:1      | qw the Gargoyle Hexslinger began the quest for the Orb.
     0 | D:1      | Reached XP level 1. HP: 12/12 MP: 2/2
     0 | D:1      | 0 ||| qw: Version: 0.3-a-40-ge99b1a8
     0 | D:1      | 0 ||| qw: Game counter: 297
     0 | D:1      | 0 ||| qw: Melee chars always use a shield: true
     0 | D:1      | 0 ||| qw: God list: Okawaru
     0 | D:1      | 0 ||| qw: Allow faded altars: false
     0 | D:1      | 0 ||| qw: Do Orc after clearing Dungeon:15 true
     0 | D:1      | 0 ||| qw: Do second Lair branch before Depths: true
     0 | D:1      | 0 ||| qw: Lair rune preference: random
     0 | D:1      | 0 ||| qw: Goals: Normal
     0 | D:1      | 0 ||| PLANNING D:1-11
    58 | D:1      | Reached XP level 2. HP: 12/16 MP: 3/3
    89 | D:1      | Found Timpigh's Antique Weapon Shop.
   112 | D:1      | Reached skill level 3 in Ranged Weapons
   115 | D:1      | HP: 2/16 [goblin/+0 dagger (3)]
   117 | D:1      | Slain by a goblin

Levels and vault maps discovered:
D:1:      dpeg_arrival_central, layout_rooms, serial_shops, shop

Skill      XL: |  1  2 |
---------------+-------+-----
Ranged Weapons | 3 |  3.1
Fighting       | |  1.3
Dodging        | |  1.5
Spellcasting   | |  1.0
Hexes          | |  2.6

Action                     || total
---------------------------++-------
   Fire: Sling             ||    45
 Armour: Robe              ||     5
  Dodge: Dodged            ||    21

Table legend:
 A = Non-vault XP
 B = Vault XP
 C = Vault XP percentage of total XP
 D = Non-vault monster count
 E = Vault monster count
 F = Vault count percentage of total count
                 A         B        C        D         E       F
            +---------+---------+-------+---------+---------+-------
      Total |      27 |       0 |   0.0 |      15 |       0 |   0.0
            +---------+---------+-------+---------+---------+-------
        D:1 |      27 |       0 |   0.0 |      15 |       0 |   0.0
            +---------+---------+-------+---------+---------+-------
